 Dungeon Crawl Stone Soup version 0.28.0-53-g5a82cb258f (webtiles) character file.

Game seed: 9469724697806896283

92 Flarelocke the Skirmisher (level 4, -4/41 HPs)
             Began as a Minotaur Fighter on Aug 18, 2022.
             Slain by Sigmund
             ... wielding a +3 scythe
              (6 damage)
             ... on level 2 of the Dungeon.
             The game lasted 00:02:05 (1354 turns).

Flarelocke the Skirmisher (Minotaur Fighter)        Turns: 1354, Time: 00:02:05

Health: -4/41      AC:  7    Str: 20    XL:     4   Next: 35%
Magic:  3/3        EV:  9    Int:  5    God:
Gold:   108        SH:  5    Dex: 12    Spells: 3/3 levels left

rFire   . . .      SeeInvis .   a - +0 war axe
rCold   . . .      Faith    .   c - +0 buckler
rNeg    . . .      Spirit   .   b - +0 scale mail
rPois   .          Reflect  .   (helmet restricted)
rElec   .          Harm     .   (no cloak)
rCorr   .          Rampage  .   (no gloves)
Will    .....                   (no boots)
Stlth   ..........              (no amulet)
HPRegen 0.13/turn               (no ring)
MPRegen 0.08/turn               (no ring)

@: mighty
A: horns 2, retaliatory headbutt
a: no special abilities


You were on level 2 of the Dungeon.
You visited 1 branch of the dungeon, and saw 2 of its levels.

You collected 108 gold pieces.

Inventory:

Hand Weapons
 a - a +0 war axe (weapon)
Armour
 b - a +0 scale mail (worn)
 c - a +0 buckler (worn)
Scrolls
 g - 2 scrolls of teleportation {unknown}
 h - a scroll of magic mapping {unknown}
 i - a scroll of identify {unknown}
 j - a scroll of blinking {unknown}
Potions
 e - 2 potions of heal wounds {unknown}
 f - a potion of degeneration {unknown}


   Skills:
 + Level 4.4 Fighting
 + Level 3.5 Axes
 + Level 4.4 Armour
 + Level 4.4 Shields


You had 3 spell levels left.
You didn't know any spells.
Your spell library contained the following spells:

 Spells                   Type           Power      Damage    Failure   Level
 Ignite Poison            Fire/Tmut/Pois 0%         N/A       99%         3
 Mephitic Cloud           Conj/Pois/Air  0%         N/A       99%         3
 Freezing Cloud           Conj/Ice/Air   0%         6-21      100%        5


Dungeon Overview and Level Annotations

Branches:
Dungeon (2/15)

Altars:

Shops:
D:1 *

Annotations:
D:2 Sigmund


Innate Abilities, Weirdness & Mutations

You have a pair of horns on your head.
You reflexively headbutt those who attack you in melee.


Message History

You see here a staff of cold.
Found 4 large rocks.
No target in view!
No target in view!
Sigmund the Dreaded comes into view.
He is wielding a +3 scythe.
Sigmund shouts!
You block Sigmund's attack. Sigmund barely misses you.
You hit Sigmund.
Sigmund is lightly wounded.
Sigmund looks at you with fury. Sigmund closely misses you.
You hit Sigmund.
Sigmund is moderately wounded.
You hit Sigmund but do no damage. You headbutt Sigmund.
Sigmund is moderately wounded.
Sigmund hits you with a +3 scythe!
You hit Sigmund. Your headbutt misses Sigmund.
Sigmund is heavily wounded.
You block Sigmund's attack.
You closely miss Sigmund. You headbutt Sigmund.
Sigmund is heavily wounded.
Sigmund hits you with a +3 scythe.
You closely miss Sigmund. Your headbutt misses Sigmund.
Sigmund is heavily wounded.
Sigmund hits you with a +3 scythe!
You are too injured to fight recklessly!
You closely miss Sigmund. You headbutt Sigmund, but do no damage.
Sigmund is heavily wounded.
Sigmund hits you with a +3 scythe!
* * * LOW HITPOINT WARNING * * *
You hit Sigmund.
Sigmund is severely wounded.
Sigmund hits you with a +3 scythe.
* * * LOW HITPOINT WARNING * * *
You feel very mighty all of a sudden.
You barely miss Sigmund.
Sigmund is severely wounded.
Sigmund hits you with a +3 scythe.
You die...

.####...###
#.#.......#.#### .<........
#.#.#######.# ........#
##.#|# #####.#
........##.##.#.###.....###
...........#......#.#<....#
..##.#..# #....#.#.##.##.#
........####.####.#....##.#
.....##......####.####.##.#
#######...^....@@(# #.##.#
#.................# #....#
...##########.....# ######
...# #...... ...## ###.....
#...# #...... #...##
#......# ##...# .......#
#...##


You could see Sigmund.

Vanquished Creatures
  Terence (D:2)
  2 adders (D:2)
  A worm (D:2)
  A dart slug (D:1)
  6 ball pythons
  4 endoplasms
  A giant cockroach (D:2)
  5 goblins
  A hobgoblin (D:2)
  A quokka (D:2)
  7 bats
  2 frilled lizards (D:1)
  9 kobolds
  7 rats
48 creatures vanquished.

Notes
Turn   | Place    | Note
-------+----------+-------------------------------------------
     0 | D:1      | Flarelocke the Minotaur Fighter began the quest for the
                  | Orb.
     0 | D:1      | Reached XP level 1. HP: 19/19 MP: 0/0
   104 | D:1      | Found Ereel's Assorted Antiques.
   140 | D:1      | Reached XP level 2. HP: 27/27 MP: 1/1
   229 | D:1      | Found a faded altar of an unknown god.
   712 | D:2      | Reached XP level 3. HP: 24/33 MP: 2/2
  1252 | D:2      | Noticed Terence
  1258 | D:2      | Killed Terence
  1259 | D:2      | Reached XP level 4. HP: 41/41 MP: 3/3
  1343 | D:2      | Noticed Sigmund
  1352 | D:2      | HP: 2/41 [Sigmund/+3 scythe (5)]
  1354 | D:2      | Slain by Sigmund

Illustrated notes

Levels and vault maps discovered:
D:1:      dpeg_arrival_subterranean_lakeside_camping, layout_basic,
          chequers_ecumenical_altar_simple_redux, serial_shops, shop,
          minmay_misc_feat_doors
D:2:      layout_basic, serial_curves, eino_curves_01, eino_curves_03,
          uniq_terence, uniq_sigmund

Skill      XL: |  1  2 |
---------------+-------+-----
Armour         | 4 |  4.4
Shields        | 4 |  4.4
Fighting       | 4 |  4.4
Axes           | 3 |  3.5

Action                   |  1- 3 |  4- 6 || total
-------------------------+-------+-------++-------
Melee: War axe           |    99 |    12 ||   111
       Headbutt          |    11 |     3 ||    14
  Use: Potion            |       |     1 ||     1
Armor: Scale mail        |    48 |     9 ||    57
Dodge: Dodged            |    54 |     4 ||    58
Block: Buckler           |    18 |     2 ||    20
